 Dungeon Crawl Stone Soup version 0.23.0 (webtiles) character file.

Game seed: 17341022540039154718

18568 Meow the Fighter (level 12, 105/118 HPs)
             Began as a Naga Venom Mage on Feb 16, 2019.
             Was a High Priest of Okawaru.
             Quit the game on level 2 of the Orcish Mines.
             The game lasted 01:02:26 (15600 turns).

Meow the Fighter (Naga Venom Mage)                 Turns: 15600, Time: 01:02:26

Health: 105/118    AC:  6    Str: 11    XL:     12   Next: 59%
Magic:  19/33      EV: 17    Int: 22    God:    Okawaru [*****.]
Gold:   906        SH:  0    Dex: 24    Spells: 17/28 levels left

rFire    + . .     SeeInvis +   a - staff of poison
rCold    + . .     Gourm    +   (no shield)
rNeg     . . .     Faith    .   D - +0 robe {rC+ rF+}
rPois    +         Spirit   .   (no helmet)
rElec    .         Reflect  .   (no cloak)
rCorr    .         Harm     .   w - +0 pair of gloves "Retaotoh" {MP+9 Int+3 Dex+8 Slay-2}
MR       +....                  (no barding)
Stlth    ++........             L - amulet of the gourmand
HPRegen  0.29/turn              r - +3 ring of dexterity
MPRegen  0.23/turn              C - ring of attention (curse)

@: very slow
A: large, see invisible, deformed body, poison resistance, slowness 2, slow
metabolism 1, spit poison 1, AC +4
a: Spit Poison, Heroism, Finesse, Renounce Religion


You were on level 2 of the Orcish Mines.
You worshipped Okawaru.
Okawaru was extremely pleased with you.
You were not hungry.

You visited 3 branches of the dungeon, and saw 12 of its levels.

You collected 1074 gold pieces.
You spent 168 gold pieces at shops.

Inventory:

Hand Weapons
 b - a +0 shortbow
 c - a +2 trident of piercing
 F - a +0 arbalest
 K - a +3 falchion of freezing
Missiles
 e - 373 stones (quivered)
 y - 85 arrows
 S - 3 throwing nets
Armour
 f - a +0 robe
 p - a +0 cloak
 w - the +0 pair of gloves "Retaotoh" (worn) {MP+9 Int+3 Dex+8 Slay-2}
   (You found it on level 4 of the Dungeon)

   It affects your intelligence (+3).
   It affects your dexterity (+8).
   It affects your accuracy and damage with ranged weapons and melee attacks
   (-2).
   It affects your magic capacity (+9).
 D - a +0 robe of resistance (worn)
 J - the +4 scale mail "Bisasoim" {Int+3, unknown}
   (You found it on level 6 of the Dungeon)

   It affects your intelligence (+3).
Magical Staves
 a - an uncursed staff of poison (weapon)
 i - an uncursed staff of summoning
Jewellery
 r - a +3 ring of dexterity (left hand)
 C - a cursed ring of attention (right hand)
 G - an uncursed amulet of the acrobat
 L - an amulet of the gourmand (around neck)
 N - an uncursed ring of ice {unknown}
Wands
 k - a wand of polymorph (8)
 P - a wand of flame (17)
Scrolls
 d - 3 scrolls of amnesia
 l - 4 scrolls of fear
 q - a scroll of noise {unknown}
 u - a scroll of teleportation
 x - a scroll of enchant weapon {unknown}
 H - 5 scrolls of remove curse
Potions
 g - a potion of haste
 h - 4 potions of degeneration
 j - 2 potions of brilliance
 m - a potion of berserk rage
 n - a potion of curing
 o - a potion of might
 z - a potion of mutation {unknown}
 A - a potion of cancellation {unknown}
 E - a potion of magic
 I - a potion of flight {unknown}
 Q - a potion of ambrosia {unknown}
Comestibles
 s - 17 rations


   Skills:
 + Level 10.7 Fighting
 - Level 8.0 Dodging
 - Level 3.0 Stealth
 + Level 8.6 Spellcasting
 + Level 10.5 Conjurations
 - Level 8.0 Poison Magic


You had 17 spell levels left.
You knew the following spells:

 Your Spells              Type           Power        Failure   Level  Hunger
a - Sting                 Conj/Pois      ####         1%          1    None
b - Poisonous Vapours     Pois/Air       #####.       1%          2    None
c - Mephitic Cloud        Conj/Pois/Air  ######..     1%          3    None
f - Venom Bolt            Conj/Pois      ######....   4%          5    #####..

Your spell library contained the following spells:

 Spells                   Type           Power        Failure   Level  Hunger
 Olgreb's Toxic Radiance  Pois           ######..     2%          4    ###....


Dungeon Overview and Level Annotations

Branches:
Dungeon (9/15)             Temple (1/1) D:4             Orc (2/2) D:9
    Elf (0/3) Orc:2
   Lair: D:8-11

Altars:
Ashenzari
Dithmenos
Elyvilon
Fedhas
Gozag
Hepliaklqana
Kikubaaqudgha
Makhleb
Nemelex Xobeh
Okawaru
Qazlal
Ru
Sif Muna
Trog
Uskayaw
Vehumet
Wu Jian
Xom
Yredelemnul
Zin
The Shining One
Beogh

Shops:
D:5 !   Orc:1 }   Orc:2 (*[=

Annotations:
D:5 2 transporters, Menkaure; busb's ghost, novice OgWn
D:7 1 runed translucent door, Crazy Yiuf


Innate Abilities, Weirdness & Mutations

You cannot wear boots.
Your serpentine skin is tough. (AC +4)
You have supernaturally acute eyesight. (SInv)
Armour fits poorly on your strangely shaped body.
Your system is resistant to poisons. (rPois)
You cover ground very slowly.
You have a slow metabolism.
You can spit poison.


Message History

The stone giant is poisoned.
The stone giant is severely wounded.
The stone giant hits you!
Casting: Venom Bolt (safe; 4% risk of failure)
Confirm with . or Enter, or press ? or * to list all spells.
Aiming: Venom Bolt (safe; 4% risk of failure)
Press: ? - help, Shift-Dir - straight line, f/p - stone giant
Aim: a stone giant (severely wounded, poisoned)
You feel a surge of power!
The bolt of poison hits the stone giant!!
The stone giant looks even sicker.
You kill the stone giant!
Okawaru is honoured by your kill.
You can now speed up your combat.
Okawaru will now gift you equipment as you gain piety.
Casting: Venom Bolt (safe; 4% risk of failure)
Confirm with . or Enter, or press ? or * to list all spells.
Okay, then.
You see here a stone giant corpse.
There is an entrance to Jeazytun's Antique Armour Shoppe here.
Are you sure you want to abandon this character and quit the game? (Confirm with "yes".)

#.................#####
##...............#.#..#####
##..#...........#....#.##.
#..........P..............
##....P......P............
#..........P...........###
#.......................#.
##.#..P.†...P....#.##.....
###.....@....P..#####....
#.P...........## ##... ###
#......8.......####....
##.##
##.............#.#.....
#...##
#......P.......(......
#....###
###.....#....(........
.......##
####...#.##.......#.
....)<..# ...#.#........#.
..).)[..# #...............


There were no monsters in sight!

Vanquished Creatures
  A stone giant (Orc:2)
  3 ettins (Orc:2)
  An ogre mage (Orc:1)
  Harold (D:9)
  7 two-headed ogres
  Pikel (D:7)
  8 cyclopes (Orc:2)
  A troll (D:9)
  A wyvern (D:9)
  A steam dragon (D:7)
  A hungry ghost (D:7)
  3 wargs
  2 slaves (D:7)
  2 ice beasts
  3 sky beasts
  A phantom (D:7)
  10 orc warriors
  A necrophage (D:8)
  An eye of draining (D:7)
  2 centaurs
  9 ogres
  A big kobold (D:8)
  Blork the orc (D:5)
  2 bullfrogs
  A gnoll sergeant (D:8)
  A wyvern skeleton (D:8)
  5 scorpions
  3 howler monkeys
  10 wights (D:7)
  4 crimson imps
  A jelly (D:5)
  9 orc priests
  3 hounds (D:8)
  12 orc wizards
  3 bullfrog skeletons
  2 iguanas
  5 worker ants
  3 hound zombies
  A howler monkey skeleton (D:5)
  7 gnolls
  15 adders
  A shadow imp (D:5)
  2 oozes
  4 adder skeletons
  2 worms
  3 dart slugs
  5 leopard geckos
  51 orcs
  6 bats
  8 giant cockroaches
  8 goblins
  4 hobgoblins
  9 quokkas
  A ball python (D:2)
  A frilled lizard (D:2)
  A jackal zombie (D:6)
  7 kobolds
  11 rats
273 creatures vanquished.

Vanquished Creatures (others)
  2 slaves (D:7)
  An orc wizard (D:7)
  A quokka (D:7)
  13 fungi (Orc:2)
17 creatures vanquished.

Grand Total: 290 creatures vanquished

Notes
Turn   | Place    | Note
-------+----------+-------------------------------------------
     0 | D:1      | Meow the Naga Venom Mage began the quest for the Orb.
     0 | D:1      | Reached XP level 1. HP: 15/15 MP: 3/3
   199 | D:1      | Reached XP level 2. HP: 22/22 MP: 5/5
   213 | D:1      | You fall through a shaft!
   389 | D:2      | You fall through a shaft for 2 floors!
   395 | D:4      | Reached XP level 3. HP: 26/28 MP: 0/6
   399 | D:4      | Learned a level 2 spell: Poisonous Vapours
   403 | D:4      | Learned a level 3 spell: Mephitic Cloud
   706 | D:3      | Reached XP level 4. HP: 36/36 MP: 8/8
   789 | D:3      | Reached skill level 5 in Poison Magic
  1711 | D:2      | Found an ancient bone altar of Kikubaaqudgha.
  1819 | D:2      | Reached XP level 5. HP: 42/42 MP: 3/9
  2753 | D:3      | Found an ornate altar of the Wu Jian Council.
  3001 | D:3      | Found an opulent altar of Gozag.
  3106 | D:4      | Found a staircase to the Ecumenical Temple.
  3116 | D:4      | Reached XP level 6. HP: 49/49 MP: 2/11
  3123 | D:4      | Learned a level 5 spell: Venom Bolt
  3127 | Temple   | Entered the Ecumenical Temple
  3256 | D:4      | Found a glowing golden altar of the Shining One.
  3296 | D:4      | Got a pair of jewelled gloves
  3302 | D:4      | Identified the +0 pair of gloves "Retaotoh" {MP+9 Int+3
                  | Dex+8 Slay-2} (You found it on level 4 of the Dungeon)
  3711 | D:5      | Entered Level 5 of the Dungeon
  3744 | D:5      | Found a hide-covered altar of Uskayaw.
  3824 | D:5      | Noticed Blork the orc
  3833 | D:5      | Killed Blork the orc
  3833 | D:5      | Reached XP level 7. HP: 55/55 MP: 11/13
  3951 | D:5      | Found Engy's Distillery.
  3959 | D:5      | Bought a potion of heal wounds for 60 gold pieces
  3959 | D:5      | Bought a potion of curing for 36 gold pieces
  3959 | D:5      | Bought a potion of lignification for 36 gold pieces
  3959 | D:5      | Bought a potion of lignification for 36 gold pieces
  4533 | D:5      | Found a shadowy altar of Dithmenos.
  4627 | D:5      | Found a transporter.
  4642 | D:5      | Found a transporter.
  4644 | D:5      | Noticed busb's ghost (novice OgWn)
  4824 | D:5      | Found a shimmering altar of Xom.
  5106 | D:5      | Reached skill level 5 in Spellcasting
  5106 | D:5      | Reached skill level 5 in Conjurations
  5106 | D:5      | Reached XP level 8. HP: 57/62 MP: 15/15
  5181 | D:5      | Found a white marble altar of Elyvilon.
  5183 | D:5      | Noticed Menkaure
  5984 | D:6      | Found a hazy altar of Hepliaklqana.
  6297 | D:6      | Got a jewelled scale mail
  7240 | D:7      | Noticed Pikel
  7479 | D:7      | Noticed a two-headed ogre
  7728 | D:7      | Killed Pikel
  7728 | D:7      | Reached XP level 9. HP: 44/68 MP: 9/19
  7801 | D:7      | Killed a two-headed ogre
  8869 | D:7      | Found a runed translucent door.
  8870 | D:7      | Noticed Crazy Yiuf
  8982 | D:8      | Found a sparkling altar of Nemelex Xobeh.
  9261 | D:8      | Reached XP level 10. HP: 64/75 MP: 15/22
  9354 | D:8      | Found a burning altar of Makhleb.
  9752 | D:8      | Reached skill level 10 in Conjurations
  9838 | D:7      | Reached skill level 1 in Fighting
 10937 | D:9      | Noticed Harold
 10946 | D:9      | Killed Harold
 11576 | D:9      | Found a roughly hewn altar of Beogh.
 11576 | D:9      | Found a staircase to the Orcish Mines.
 11697 | D:9      | Found an iron altar of Okawaru.
 11772 | D:9      | Became a worshipper of Warmaster Okawaru
 11917 | D:9      | Found a deep blue altar of Sif Muna.
 12189 | Orc:1    | Entered Level 1 of the Orcish Mines
 12219 | Orc:1    | Found Liucwuah's Gadget Shoppe.
 12369 | Orc:1    | Reached XP level 11. HP: 104/104 MP: 23/23
 12419 | Orc:1    | Noticed a two-headed ogre
 12559 | Orc:1    | Noticed an ogre mage
 12559 | Orc:1    | Noticed a two-headed ogre
 12567 | Orc:1    | Killed a two-headed ogre
 12567 | Orc:1    | Reached * piety under Okawaru
 12574 | Orc:1    | Killed a two-headed ogre
 12669 | Orc:1    | Noticed a two-headed ogre
 12672 | Orc:1    | Killed an ogre mage
 12672 | Orc:1    | Reached ** piety under Okawaru
 12672 | Orc:1    | Reached skill level 10 in Fighting
 12672 | Orc:1    | Noticed a two-headed ogre
 12673 | Orc:1    | Noticed a two-headed ogre
 12674 | Orc:1    | Noticed a two-headed ogre
 12675 | Orc:1    | Killed a two-headed ogre
 12678 | Orc:1    | Killed a two-headed ogre
 12818 | Orc:1    | Killed a two-headed ogre
 12818 | Orc:1    | Reached *** piety under Okawaru
 12824 | Orc:1    | Killed a two-headed ogre
 12824 | Orc:1    | Received a gift from Okawaru
 12824 | Orc:1    | Reached skill level 5 in Dodging
 13100 | Orc:2    | Entered Level 2 of the Orcish Mines
 13547 | Orc:2    | Noticed a cyclops
 13562 | Orc:2    | Killed a cyclops
 13571 | Orc:2    | Noticed an ettin
 13571 | Orc:2    | Noticed an ettin
 13699 | Orc:2    | Killed an ettin
 13703 | Orc:2    | Killed an ettin
 13703 | Orc:2    | Reached **** piety under Okawaru
 13703 | Orc:2    | Reached XP level 12. HP: 116/116 MP: 0/24
 14367 | Orc:2    | Found Parar's Antique Weapon Shop.
 14466 | Orc:2    | Found Iraul's General Store.
 14754 | Orc:2    | Noticed an ettin
 14760 | Orc:2    | Killed an ettin
 15083 | Orc:2    | Found Fiaxau Fong's Jewellery Emporium.
 15089 | Orc:2    | Found a staircase to the Elven Halls.
 15102 | Orc:2    | Noticed a stone giant
 15588 | Orc:2    | Found Jeazytun's Antique Armour Shoppe.
 15597 | Orc:2    | Killed a stone giant
 15597 | Orc:2    | Reached ***** piety under Okawaru
 15600 | Orc:2    | Quit the game

Skill      XL: |  1  2  3  4  5  6  7  8  9 10 11 12 |
---------------+-------------------------------------+-----
Conjurations   | 2 3 4 5 7 9 10 | 10.5
Poison Magic   | 5 6 7 8 |  8.0
Spellcasting   | 3 4 5 7 8 |  8.6
Fighting       | 8 10 | 10.7
Dodging        | 7 8 |  8.0
Stealth        | |  3.0

Action                   |  1- 3 |  4- 6 |  7- 9 | 10-12 || total
-------------------------+-------+-------+-------+-------++-------
Melee: Trident           |       |     6 |   244 |   133 ||   383
       Staff             |       |    17 |    32 |    20 ||    69
 Fire: Shortbow          |       |       |    24 |     2 ||    26
Throw: Stone             |     6 |    14 |    24 |    11 ||    55
 Cast: Sting             |    29 |   100 |    33 |    10 ||   172
       Mephitic Cloud    |       |     4 |    11 |    24 ||    39
       Poisonous Vapours |       |     8 |    34 |    48 ||    90
       Venom Bolt        |       |       |     8 |   116 ||   124
 Abil: Spit Poison       |    18 |    55 |    33 |    32 ||   138
Evoke: Wand              |       |       |     6 |    16 ||    22
  Use: Scroll            |       |     5 |     5 |     5 ||    15
       Potion            |       |       |     2 |     5 ||     7
 Stab: Confused          |       |     1 |       |     4 ||     5
       Sleeping          |       |       |       |     1 ||     1
  Eat: Chunk             |       |    12 |    13 |    28 ||    53
       Ration            |       |       |     3 |     6 ||     9
Armor: Robe              |     1 |    11 |    53 |    43 ||   108
       Skin              |       |       |    21 |     8 ||    29
Dodge: Dodged            |    14 |    40 |   131 |   131 ||   316
